 Dungeon Crawl Stone Soup version 0.30-b1-2-g02819fbbbe (webtiles) character file.

Game seed: 8454104090706773925

11 Alarkh the Vexing (level 2, 21/21 HPs)
             Began as a Demonspawn Hexslinger on July 7, 2023.
             Got out of the dungeon alive.
             The game lasted 00:00:15 (94 turns).

Alarkh the Vexing (Demonspawn Hexslinger)             Turns: 94, Time: 00:00:15

Health: 21/21      AC:  4    Str: 10    XL:     2   Next: 13%
Magic:  3/3        EV: 12    Int: 14    God:
Gold:   0          SH:  0    Dex: 13    Spells: 2/3 levels left

rFire   . . .        a - +1 sling
rCold   . . .        (no shield)
rNeg    . . .        c - +0 robe
rPois   .            (no helmet)
rElec   .            (no cloak)
rCorr   .            (no gloves)
SInv    .            (no boots)
Will    .....        (no amulet)
Stlth   +            (no ring)
HPRegen 0.23/turn    (no ring)
MPRegen 0.08/turn

%: no passive effects
@: no status effects
A: thin metallic scales 1
a: no special abilities


You escaped.
You visited 1 branch of the dungeon, and saw 1 of its levels.

Inventory:

Hand Weapons
 a - a +1 sling (weapon)
Armour
 c - a +0 robe (worn)
Scrolls
 b - a scroll of poison


   Skills:
 - Level 1.0 Fighting
 + Level 2.6 Ranged Weapons
 - Level 1.7 Dodging
 - Level 1.0 Spellcasting
 - Level 3.0 Hexes


You had 2 spell levels left.
You knew the following spells:

 Your Spells              Type           Power      Damage    Failure   Level
a - Slow                  Hex            36%        N/A       8%          1

Your spell library contained the following spells:

 Spells                   Type           Power      Damage    Failure   Level
 Inner Flame              Hex/Fire       4%         N/A       38%         3
 Portal Projectile        Hex/Tloc       8%         N/A       38%         3
 Cause Fear               Hex            4%         N/A       58%         4


Dungeon Overview and Level Annotations

Branches:
Dungeon (1/15)

Altars:

Shops:
D:1 [


Innate Abilities, Weirdness & Mutations

You are partially covered in thin metallic scales. (AC +2)


Message History

The ball python closely misses you.
You shoot a sling bullet. The sling bullet hits the ball python.
You kill the ball python!
No target in view!
A goblin comes into view. It is wielding a +0 club.
The goblin shouts!
A goblin is nearby!
A goblin is nearby!
You shoot a sling bullet.
The sling bullet closely misses the goblin.
An endoplasm comes into view.
You shoot a sling bullet.
The sling bullet barely misses the goblin.
A ball python comes into view.
You shoot a sling bullet. The ball python hisses angrily.
The sling bullet hits the goblin.
You kill the goblin!
You shoot a sling bullet. The sling bullet hits the endoplasm.
You kill the endoplasm!
You have reached level 2!
Your demonic ancestry asserts itself...
Thin metallic scales grow over part of your body.
You shoot a sling bullet. The sling bullet hits the ball python.
The ball python is heavily wounded.
You shoot a sling bullet.
The sling bullet closely misses the ball python.
A rat comes into view.
You shoot a sling bullet.
The sling bullet barely misses the ball python.
The sling bullet hits the rat.
You kill the rat!
The ball python misses you. The ball python barely misses you.
You shoot a sling bullet. The sling bullet hits the ball python!
You kill the ball python!
No target in view!
There is an entrance to Biblevom's Antique Armour Shop here.
There is a staircase leading out of the dungeon here.
Are you sure you want to leave the Dungeon?
This will make you lose the game!
You have escaped!

### #@##
#..##
##...####
#.......##
##........##
#..........#
#.........##
#........##
#........##
###


There were no monsters in sight!

Vanquished Creatures
  3 ball pythons (D:1)
  2 endoplasms (D:1)
  A goblin (D:1)
  A kobold (D:1)
  A frilled lizard (D:1)
  A rat (D:1)
9 creatures vanquished.

Notes
Turn   | Place    | Note
-------+----------+-------------------------------------------
     0 | D:1      | Alarkh the Demonspawn Hexslinger began the quest for the
                  | Orb.
     0 | D:1      | Reached XP level 1. HP: 15/15 MP: 2/2
    43 | D:1      | Found Biblevom's Antique Armour Shop.
    60 | D:1      | Gained mutation: You are partially covered in thin metallic
                  | scales. (AC +2) [demonic ancestry]
    60 | D:1      | Reached XP level 2. HP: 21/21 MP: 3/3
    94 | D:$      | Got out of the dungeon alive.

Illustrated notes

Levels and vault maps discovered:
D:1:      eino_arrival_cavern_a, layout_loops_ring, serial_shops, shop,
          chequers_serial_rivers_large_b, nrook_mini_backslash,
          roderic_roman_lattice, chequers_serial_rivers_micro_b,
          minmay_misc_feat_tiny

Skill      XL: |  1 |
---------------+----+-----
Ranged Weapons | 2 |  2.6
Fighting       | |  1.0
Dodging        | |  1.7
Spellcasting   | |  1.0
Hexes          | |  3.0

Action                     || total
---------------------------++-------
   Fire: Sling             ||    22
 Armour: Robe              ||     3
  Dodge: Dodged            ||    13
